 Dungeon Crawl Stone Soup version 0.27-a0-951-gae3e1deef5 (webtiles) character file.

Game seed: 12535571223238142503

44 shoop the Insei (level 3, -3/28 HPs)
             Began as a Demigod Transmuter on Apr 11, 2021.
             Slain by Sigmund
             ... wielding a +0 scythe
              (12 damage)
             ... on level 3 of the Dungeon.
             The game lasted 00:03:13 (1856 turns).

shoop the Insei (Demigod Transmuter)                Turns: 1856, Time: 00:03:13

Health: -3/28      AC:  2    Str: 11    XL:     3   Next: 22%
Magic:  6/8        EV: 19    Int: 19    God:
Gold:   92         SH:  0    Dex: 19    Spells: 1/5 levels left

rFire    . . .     SeeInvis .     - Unarmed
rCold    . . .     Faith    .   (shield currently unavailable)
rNeg     . . .     Spirit   .   (armour currently unavailable)
rPois    x         Reflect  .   (helmet currently unavailable)
rElec    .         Harm     .   (cloak currently unavailable)
rCorr    .         Rampage  .   (gloves currently unavailable)
Will     .....                  (boots currently unavailable)
Stlth    ++........             (no amulet)
HPRegen  0.09/turn              (no ring)
MPRegen  0.11/turn              (no ring)

@: spider-form (expiring)
A: venomous fangs, tiny, high mp 1, forlorn
a: End Transformation


You were on level 3 of the Dungeon.
You were a venomous arachnid creature.
You visited 1 branch of the dungeon, and saw 3 of its levels.

You collected 92 gold pieces.

Inventory:

Armour
 a - a +0 robe (melded)
Wands
 g - a wand of polymorph (10)
Scrolls
 b - a scroll of enchant armour {unknown}
 c - 2 scrolls of teleportation {unknown}
 d - 5 scrolls of identify {unknown}
 f - a scroll of noise {unknown}
Potions
 e - a potion of curing {unknown}


   Skills:
 - Level 1.0 Fighting
 + Level 1.8 Dodging
 + Level 0.1 Stealth
 * Level 3.2 Unarmed Combat
 + Level 1.7 Spellcasting
 + Level 2.3 Transmutations
 + Level 1.3 Poison Magic
 + Level 0.0 Evocations


You had one spell level left.
You knew the following spells:

 Your Spells              Type           Power      Damage    Failure   Level
a - Spider Form           Tmut/Pois      4%         N/A       45%         3
b - Beastly Appendage     Tmut           20%        N/A       19%         1

Your spell library contained the following spells:

 Spells                   Type           Power      Damage    Failure   Level
 Wereblood                Tmut           10%        N/A       24%         2
 Ice Form                 Ice/Tmut       6%         N/A       87%         4
 Hydra Form               Tmut           5%         N/A       96%         5


Dungeon Overview and Level Annotations

Branches:
Dungeon (3/15)

Annotations:
D:3 Sigmund


Innate Abilities, Weirdness & Mutations

You are a venomous arachnid creature.
You have poisonous fangs.
You are tiny and dextrous.
Your spellcasting is less reliable in this form.
Your armour is entirely melded.
You are incapable of wielding weapons or throwing items.
Your attributes grow dramatically as you level up.
You have an increased reservoir of magic. (+10% MP)
You shall have no god before yourself.


Message History

You kill the jackal!
Your transformation has ended.
Your +0 robe unmelds from your body.
You climb upwards.
There is a stone staircase leading down here.
You see here a bat corpse.
You start resting.
HP restored.
You start resting.
Magic restored.
Casting: Spider Form (quite dangerous; 24% risk of failure)
Confirm with . or Enter, or press ? or * to list all spells.
The spell is quite dangerous to cast (24% risk of failure)!
Continue anyway?
You turn into a venomous arachnid creature.
Your +0 robe melds into your body.
You climb downwards.
Level annotation: Sigmund
There is a stone staircase leading up here.
Sigmund points at you and mumbles some strange words.
You resist with some effort.
Your transformation is almost over.
Sigmund misses you.
You barely miss Sigmund.
Sigmund says, "Now you see me, now you don't..."
Sigmund misses you.
You barely miss Sigmund.
Sigmund casts a spell at himself.
Sigmund flickers and vanishes!
Deactivating autopickup; reactivate with Ctrl-A.
You hit something. Something closely misses you.
You hit something but do no damage. Something hits you!
You hit something. Something closely misses you.
You hit something.
You hear some strange, mumbled words.
A puff of flame appears from out of thin air!
The puff of flame hits you!
* * * LOW HITPOINT WARNING * * *
You hit something but do no damage. Something misses you.
You hit something. Something hits you!
You die...

.......... ..........
.........# ...... ..#
. ......##.# .#.
.........##########...
.....................
..........÷..{....#
.....(.......s....# .#
.........####†....#..#
.......#..####<......#
.....h.##..###††..#...
....... #.hb......# ..
..≈≈... ##.###....#
≈..≈. #.. #....# ≈..≈
#........# #........#


There were no monsters in sight!

Vanquished Creatures
  An adder (D:2)
  A worm (D:2)
  A dart slug (D:1)
  3 ball pythons
  An endoplasm (D:2)
  A giant cockroach (D:2)
  3 hobgoblins (D:1)
  9 jackals
  A quokka (D:3)
  4 bats
  2 rats
27 creatures vanquished.

Notes
Turn   | Place    | Note
-------+----------+-------------------------------------------
     0 | D:1      | shoop the Demigod Transmuter began the quest for the Orb.
     0 | D:1      | Reached XP level 1. HP: 15/15 MP: 5/5
   248 | D:1      | Reached XP level 2. HP: 21/22 MP: 4/7
   481 | D:1      | Reached skill level 3 in Unarmed Combat
   570 | D:1      | Reached skill level 1 in Poison Magic
  1066 | D:2      | Reached XP level 3. HP: 27/27 MP: 6/8
  1070 | D:2      | Learned a level 3 spell: Spider Form
  1617 | D:3      | Noticed Sigmund
  1822 | D:3      | Reached skill level 1 in Fighting
  1856 | D:3      | Slain by Sigmund

Illustrated notes

Levels and vault maps discovered:
D:1:      sevenhm_arrival_forest_fort_small_4, layout_basic, chequers_garden,
          minivault_14
D:2:      layout_loops_cross, shapermc_ecumenical_altar_venn
D:3:      cheibrodos_helix_gallery, layout_rooms, uniq_sigmund

Skill      XL: |  1  2  3 |
---------------+----------+-----
Transmutations | 2 |  2.3
Unarmed Combat | 3 |  3.2
Poison Magic   | 1 |  1.3
Fighting       | 1 |  1.0
Dodging        | |  1.8
Stealth        | |  0.1
Spellcasting   | |  1.7

Action                   || total
-------------------------++-------
Melee: Unarmed           ||    91
       Kick              ||    14
       Headbutt          ||     3
 Cast: Beastly Appendage ||    14
       Spider Form       ||     4
Armor: Robe              ||    12
Dodge: Dodged            ||    77

Table legend: (Time is in decaauts)
 A = Elapsed time spent in this place.
 B = Non-inter-level travel time spent in this place.
 C = Inter-level travel time spent in this place.
 D = Time resting spent in this place.
 E = Time spent auto-exploring this place.
 F = Levels seen in this place.
 G = Mean time per level.
                   A        B        C        D        E       F      G
               +--------+--------+--------+--------+--------+-----+--------+
         Total |   1861 |   1763 |     98 |    400 |   1156 |   3 |  620.3 |
       Dungeon |   1861 |   1763 |     98 |    400 |   1156 |   3 |  620.3 |
               +--------+--------+--------+--------+--------+-----+--------+

Top non-repeatable levels by time:
     D:2: 1110 daAuts
     D:1: 667 daAuts
     D:3: 82 daAuts
